cohdb
Replays
Latest Replays
All Replays
Popular Replays
Top Player Replays
Match Explorer
How It Works
Community
CoH3 Stats
Reddit
Sign in to upload your games and track your stats! →
Sign in with Steam
Match 42946686
Unlisted
Match 42946686
Overview
Messages
Build Orders
End
Kradschützen Motorcycle Team
Panzergrenadier Squad
Panzergrenadier Squad
Construct Light Support Kompanie
Panzerjäger Squad
2.5-tonne Medical Truck
Fire Support Elements
Veteran Squad Leaders
le.IG 18 Mechanized Group
Construct Mechanized Kompanie
Marder III Tank Destroyer
Selects Battlefield Espionage Battlegroup
Selects Battlefield Espionage Battlegroup
Selects Intel Disruption Beacon
254 Reconnaissance Tractor
StuG III D Assault Gun
Selects Plunder
Selects Firestorm
Firestorm
Rapid Advance
Construct Panzerarmee Kommand
Selects 250/3 Funkpanzerwagen
Firestorm
Emergency Repair Kits
Ben Shapiro raped me with facts
Fallenschirmjäger
USSR|G ReFIeX
BUBBA_ACTUAL
JollyRedRockett
Chernoburka
0
0
Comments
sign in to comment!
No comments posted yet!